AoeStats
← 874891765

Arena

504632192Analyzed
1v1 RM · 27d ago on Sep 6, 2026· 42m 0s· 2 players
Game mode
Random Map
Map size
Tiny (2 player)
Population
200
Speed
Normal
Resources
Standard
Victory
Conquest
Starting age
Dark Age
Ending age
Imperial Age
RankedLock teamsTeams togetherTeam positionsShared explorationLock speedFull tech treeHidden civsTurbo modeCheats
Victory
Defeat
🇩🇪 Malians · Germany
999
+16
🇨🇳 Chinese · China
1000
-48
pommesbudenhans6
10:22 Feudal Age
10:47 Horse Collar
11:24 Double-Bit Axe
15:01 Loom
17:45 Castle Age
15:59 Gold Mining
15:59 Stone Mining
20:29 Wheelbarrow
19:45 Town Watch
21:25 Bow Saw
21:21 Heavy Plow
30:37 Imperial Age
28:03 Fletching
27:56 Elite Skirmisher
28:42 Padded Archer Armor
29:33 Ballistics
29:25 Fortified Wall
32:07 Hand Cart
31:55 Bodkin Arrow
32:15 Leather Archer Armor
33:44 Chemistry
33:00 Masonry
33:13 Scale Barding Armor
33:53 Forging
34:50 Chain Barding Armor
35:16 Husbandry
35:27 Bloodlines
34:38 Light Cavalry
36:23 Cavalier
37:52 Gold Shaft Mining
40:13 Farimba
874891765
11:04 Feudal Age
13:16 Double-Bit Axe
15:06 Horse Collar
15:26 Fletching
16:41 Stone Mining
16:41 Gold Mining
19:34 Castle Age
21:32 Fletching
21:37 Gold Mining
23:42 Bow Saw
25:08 Gold Shaft Mining
24:41 Heavy Plow
25:07 Padded Archer Armor
26:31 Bodkin Arrow
29:23 Scale Barding Armor
29:28 Forging
29:34 Leather Archer Armor
29:54 Fortified Wall
30:05 Ballistics
29:55 Masonry
34:02 Imperial Age
32:28 Murder Holes
34:15 Chain Barding Armor
33:56 Scale Mail Armor
34:43 Iron Casting
34:08 Scale Mail Armor
34:18 Elite Chu Ko Nu
35:20 Conscription
34:50 Town Watch
34:53 Loom
34:42 Elite Skirmisher
36:30 Chemistry
35:03 Pikeman
35:46 Squires
35:32 Arson
Connection lost

Rejoining the realm…

Still unreachable

The connection could not be restored.

Session expired

The server has moved on; the page needs a fresh start.